 Dungeon Crawl Stone Soup version 0.17-a0-77-gee7a2f2 (webtiles) character file.

3466 Pikaro the Carver (level 9, -5/58 HPs)
             Began as a High Elf Skald on Mar 14, 2015.
             Was an Initiate of Ashenzari.
             Killed from afar by an orc (15 damage)
             ... with a wand of cold
             ... on level 8 of the Dungeon.
             The game lasted 00:22:46 (9931 turns).

Pikaro the Carver (High Elf Skald)                  Turns: 9931, Time: 00:22:46

Health: -5/58      AC: 12    Str: 13    XL:     9   Next: 78%
Magic:  20/20      EV: 13    Int: 15    God:    Ashenzari [......]
Gold:   351        SH:  0    Dex: 18    Spells: 5 memorised, 1 level left

rFire  . . .     SeeInvis .     l - +3 falchion (holy)
rCold  . . .     Clarity  .     F - +4 ring mail (curse)
rNeg   . . .     SustAb   .     (no shield)
rPois  +         Gourm    .     p - +0 helmet (curse)
rElec  .         Spirit   .     (no cloak)
rCorr  .         Warding  .     (no gloves)
rMut   .         Stasis   .     h - +0 pair of boots (curse)
MR     .....                    (no amulet)
Stlth  +.........               (no ring)
                                i - ring of poison resistance (curse) {rPois, !d}

@: not resistant to hostile enchantments, very unstealthy
A: no striking features
a: Renounce Religion


You were on level 8 of the Dungeon.
You worshipped Ashenzari.
Ashenzari was noncommittal.
You were not hungry.

You visited 2 branches of the dungeon, and saw 9 of its levels.

You collected 500 gold pieces.
You spent 149 gold pieces at shops.

Inventory:

Hand weapons
 l - a +3 falchion of holy wrath (weapon)
   (You found it on level 1 of the Dungeon)
Missiles
 y - 27 poisoned needles
Armour
 h - a cursed +0 pair of boots (worn)
   (You found it on level 7 of the Dungeon)
 p - a cursed +0 helmet (worn)
   (You found it on level 2 of the Dungeon)
 F - a cursed +4 ring mail (worn)
   (You took it off an orc on level 4 of the Dungeon)
Magical staves
 b - an uncursed staff of earth
   (You found it on level 4 of the Dungeon)
 r - an uncursed staff of air {rElec}
   (You found it on level 2 of the Dungeon)
Jewellery
 i - a cursed ring of poison resistance (left hand) {rPois, !d}
   (You found it on level 1 of the Dungeon)
 P - an uncursed ring of protection from cold {rC+, !d}
   (You found it on level 7 of the Dungeon)
 Q - an uncursed ring of flight {+Fly, !d}
   (You found it on level 7 of the Dungeon)
Magical devices
 n - a wand of flame (11)
   (You found it on level 1 of the Dungeon)
 M - a wand of confusion (38)
   (You found it on level 6 of the Dungeon)
 R - a wand of fireball (3)
   (You took it off an orc wizard on level 7 of the Dungeon)
Scrolls
 o - a scroll of immolation {!r}
 t - 2 scrolls of recharging
 z - a scroll of curse weapon
 B - 4 scrolls of blinking {!r}
 C - 3 scrolls of identify
 E - 2 scrolls of magic mapping {!r}
 G - 4 scrolls of teleportation
 I - a scroll of enchant weapon
 J - a scroll of fear
 K - a scroll of fog
 U - 3 scrolls of remove curse
 V - a scroll of curse armour
 W - a scroll of holy word {!r}
Potions
 a - a potion of lignification {!q}
 e - 3 potions of curing
 g - 3 potions of mutation {!q}
 k - a potion of flight
 m - a potion of resistance
 q - a potion of agility
 s - a potion of cancellation
 u - 2 potions of heal wounds
 x - 2 potions of brilliance
 A - 2 potions of might
 H - a potion of restore abilities
 S - a potion of haste
 T - a potion of magic
Books
 c - a book of Battle
 L - a book of Envenomations
   (You found it on level 6 of the Dungeon)
 N - a book of Hinderance
   (You found it on level 6 of the Dungeon)
Comestibles
 d - 7 bread rations
 f - 2 slices of pizza
 j - a fruit
 v - 6 meat rations
 w - a beef jerky
 D - 3 royal jellies
 O - 4 chunks of flesh


   Skills:
 + Level 4.1 Fighting
 - Level 14.2 Long Blades
 + Level 3.5 Armour
 + Level 4.1 Dodging
 - Level 2.4 Spellcasting
 - Level 3.6 Charms


You had one spell level left.
You knew the following spells:

 Your Spells              Type           Power        Failure   Level  Hunger
g - Regeneration          Chrm/Necr      #.........   75%         3    ###....
A - Infusion              Chrm           ##....       12%         1    #......
B - Song of Slaying       Chrm           ##......     17%         2    ###....
C - Shroud of Golubria    Chrm/Tloc      #.........   38%         2    ###....
D - Spectral Weapon       Hex/Chrm       #.......     75%         3    ###....


Dungeon Overview and Level Annotations

Branches:
Dungeon (8/15)             Temple (1/1) D:7
   Lair: D:8-11

Altars:
Ashenzari
Cheibriados
Dithmenos
Elyvilon
Fedhas
Gozag
Kikubaaqudgha
Makhleb
Nemelex Xobeh
Okawaru
Qazlal
Ru
Sif Muna
Trog
Vehumet
Xom
Yredelemnul
Zin
The Shining One

Shops:
D:4 !   D:5 }   D:7 (


Message History

S - a potion of haste Read which item? (? for menu, Esc to quit)
Identify which item? (\ to view known items) (? for menu, Esc to quit)
As you read the scroll of identify, it crumbles to dust.
T - a potion of magic Read which item? (? for menu, Esc to quit)
Curse which item? (? for menu, Esc to quit)
As you read the scroll of curse armour, it crumbles to dust.
Your +0 helmet glows black for a moment.
Read which item? (? for menu, Esc to quit)
Curse which item? (? for menu, Esc to quit)
As you read the scroll of curse armour, it crumbles to dust.
Your +0 pair of boots glows black for a moment.
You are partially bound in armour.
You are slightly bound.
You now have 333 gold pieces (gained 11). 3 orcs come into view.
The orc shouts!
The orc moves out of view. x2
The orc zaps a wand.
The bolt of cold misses you.
It is a wand of cold.
An orc wizard comes into view. It is wielding a dagger of venom.
The orc wizard shouts!
You barely miss the orc. The orc closely misses you.
A giant frog comes into view.
You hit the orc.
You kill the orc!
The orc wizard mumbles some strange words.
You feel a wave of unholy energy pass over you.
The orc hits you but does no damage. an uncursed flail; a +0 ring mail You hit the orc.
You slash the orc!
You kill the orc!
The orc zaps a wand.
The bolt of cold hits you!
You take 4 damage, and have 54/58 hp.
You hit the giant frog! The giant frog misses you.
You closely miss the giant frog. The giant frog hits you.
The orc zaps a wand.
The bolt of cold hits you!
You take 11 damage, and have 43/58 hp.
You barely miss the giant frog. The giant frog closely misses you.
The orc closely misses you. The orc wizard closely misses you.
You closely miss the giant frog.
The giant frog hits you but does no damage.
You hit the giant frog!
The orc wizard hits you but does no damage.
The giant frog completely misses you.
The orc zaps a wand.
The bolt of cold hits you!
You take 12 damage, and have 31/58 hp.
MASSIVE DAMAGE!!
You completely miss the giant frog. The giant frog hits you.
You take 1 damage, and have 30/58 hp.
You hit the giant frog but do no damage.
The orc wizard hits you with a dagger of venom.
The orc zaps a wand.
The bolt of cold hits you! The giant frog closely misses you.
You take 11 damage, and have 19/58 hp.
The giant frog closely misses you.
The giant frog hits you but does no damage.
You slash the giant frog!
You kill the giant frog!
The orc wizard casts a spell at you. The puff of flame misses you.
Your ring mail prevents you from hitting the orc wizard.
The orc wizard points at you and mumbles some strange words.
The puff of flame hits you!
You take 4 damage, and have 21/58 hp.
You slash the orc wizard!!
You kill the orc wizard!
You now have 351 gold pieces (gained 18). an uncursed dagger of venom; a +0 robe; an orc corpse You butcher the orc corpse.
O - 5 chunks of flesh (gained 4); an uncursed dagger of venom; a +0 robe You start resting.
Some of the chunks of flesh in your inventory have rotted away.
You regained 12 hp, and now have 34/58 hp.
Total turns waited: 64 The orc shouts!
The orc zaps a wand.
The bolt of cold misses you.
The orc zaps a wand.
The bolt of cold misses you.
The orc zaps a wand.
The bolt of cold hits you!
You take 12 damage, and have 23/58 hp.
MASSIVE DAMAGE!!
You hit the orc. You completely miss the orc.
The orc zaps a wand.
The bolt of cold hits you!
* * * LOW HITPOINT WARNING * * *
You take 14 damage, and have 9/58 hp.
MASSIVE DAMAGE!!
You closely miss the orc. You closely miss the orc.
The orc zaps a wand.
The bolt of cold hits you!
You die...

### #.###################
..#.o.................#
#.#.####o......######.# #.#.#
#.#......# #.# #.#.# #.#......#
#.# #.#o# #.####o..# #.# ####.#.#
#.....@..# #.#
.....#.########....# #.#
.....#.............# #.#
...))........###.>.# #.#
....o#..........)..#####.#
##........##.###.#.#.....# ####
#........##.......#.#..## #...
##........#####.####.#..######...
.............................'...


You could see an orc.

Vanquished Creatures
  Grinder (D:5)
  The ghost of hornqvist the Covert, an average OpAs (D:4)
  Eustachio (D:4)
  Edmund (D:5)
  2 sky beasts
  An ice beast (D:7)
  2 ogres
  An orc warrior (D:7)
  4 centaurs
  A phantom (D:7)
  5 giant frogs
  A wyvern zombie (D:6)
  3 scorpions
  3 killer bees (D:8)
  A goliath beetle (D:8)
  5 crimson imps
  2 giant frog skeletons (D:4)
  A giant frog zombie (D:7)
  2 iguanas (D:5)
  A quasit (D:7)
  A centaur skeleton (D:6)
  3 orc priests
  2 hounds
  2 worker ants
  10 orc wizards
  A gnoll shaman (D:7)
  A killer bee zombie (D:7)
  A hound skeleton (D:5)
  10 gnolls
  9 adders
  A giant mite (D:5)
  An adder zombie (D:7)
  2 adder skeletons
  3 giant geckos
  An ooze (D:2)
  35 orcs
  9 bats
  13 goblins
  11 hobgoblins
  8 jackals
  3 quokkas
  A ball python (D:4)
  6 giant cockroaches
  6 giant newts
  A jackal zombie (D:6)
  12 kobolds
  A quokka zombie (D:7)
  10 rats
203 creatures vanquished.

Notes
Turn   | Place    | Note
--------------------------------------------------------------
     0 | D:1      | Pikaro, the High Elf Skald, began the quest for the Orb.
     0 | D:1      | Reached XP level 1. HP: 14/14 MP: 4/4
   213 | D:1      | Reached skill level 3 in Long Blades
   219 | D:1      | HP: 2/14 [goblin (3)]
   611 | D:1      | Reached XP level 2. HP: 16/19 MP: 6/6
  1357 | D:2      | Reached skill level 4 in Long Blades
  1555 | D:2      | Reached XP level 3. HP: 21/24 MP: 8/8
  1842 | D:2      | Found an ancient bone altar of Kikubaaqudgha.
  2480 | D:3      | Reached skill level 5 in Long Blades
  2534 | D:3      | Reached XP level 4. HP: 25/29 MP: 11/11
  3252 | D:4      | Reached skill level 6 in Long Blades
  3289 | D:4      | Found Nosuimof's Distillery.
  3295 | D:4      | Bought a potion of mutation for 32 gold pieces
  3295 | D:4      | Bought a potion of heal wounds for 65 gold pieces
  3295 | D:4      | Bought a potion of brilliance for 52 gold pieces
  3384 | D:4      | Reached XP level 5. HP: 34/34 MP: 12/12
  3535 | D:4      | Noticed hornqvist's ghost (average OpAs)
  3541 | D:4      | Killed hornqvist's ghost
  3541 | D:4      | Reached skill level 8 in Long Blades
  3541 | D:4      | Reached XP level 6. HP: 39/39 MP: 15/15
  4199 | D:5      | Entered Level 5 of the Dungeon
  4255 | D:5      | Noticed Grinder
  4267 | D:5      | Killed Grinder
  4267 | D:5      | Reached skill level 9 in Long Blades
  4267 | D:5      | Reached XP level 7. HP: 38/45 MP: 17/17
  4345 | D:5      | HP: 10/45 [orc/falchion (6)]
  4357 | D:5      | HP: 8/45 [orc/falchion (4)]
  4622 | D:5      | Noticed Eustachio
  4848 | D:4      | Killed Eustachio
  4848 | D:4      | Reached skill level 10 in Long Blades
  5243 | D:5      | Noticed Edmund
  5256 | D:5      | Killed Edmund
  5256 | D:5      | Reached skill level 11 in Long Blades
  5306 | D:5      | Found Clikhid's Gadget Shoppe.
  5517 | D:5      | Reached XP level 8. HP: 15/50 MP: 18/18
  6049 | D:6      | Reached skill level 12 in Long Blades
  6645 | D:6      | Reached skill level 13 in Long Blades
  6674 | D:6      | Found a shadowy altar of Dithmenos.
  7055 | D:7      | Found Klilumm's Antique Weapon Emporium.
  7091 | D:7      | Found a staircase to the Ecumenical Temple.
  7114 | Temple   | Entered the Ecumenical Temple
  7213 | Temple   | Became a worshipper of Ashenzari the Shackled
  7244 | D:7      | Reached XP level 9. HP: 31/54 MP: 20/20
  7716 | D:7      | Reached skill level 14 in Long Blades
  7970 | D:7      | Reached skill level 1 in Armour
  8103 | D:7      | HP: 13/54 [gnoll shaman/whip (3)]
  8104 | D:7      | Reached skill level 2 in Dodging
  8810 | D:8      | Reached skill level 3 in Fighting
  8810 | D:8      | Reached skill level 2 in Armour
  8923 | D:8      | Learned a level 2 spell: Song of Slaying
  8926 | D:8      | Learned a level 2 spell: Shroud of Golubria
  8930 | D:8      | Learned a level 3 spell: Regeneration
  8934 | D:8      | Learned a level 3 spell: Spectral Weapon
  8953 | D:8      | Reached skill level 3 in Dodging
  9346 | D:8      | HP: 12/57 [centaur/arrow (10)]
  9350 | D:8      | Reached skill level 3 in Armour
  9736 | D:8      | Reached skill level 4 in Dodging
  9775 | D:8      | Reached skill level 4 in Fighting
  9929 | D:8      | HP: 9/58 [orc/wand of cold (14)]
  9931 | D:8      | Killed from afar by an orc

Action                   |  1- 3 |  4- 6 |  7- 9 || total
-------------------------+-------+-------+-------++-------
Melee: Falchion          |    94 |   112 |   364 ||   570
       Short sword       |    22 |       |       ||    22
 Cast: Infusion          |     1 |       |       ||     1
  Use: Scroll            |    11 |     8 |     9 ||    28
 Stab: Sleeping          |       |     1 |       ||     1
  Eat: Chunk             |     5 |     6 |    17 ||    28

Vault maps used:
D:1:      co_arrival_square_in_a_square_in_a_square, minivault_5
D:2:      lemuel_doored_altar, st_stairs_5
D:4:      serial_shops, shop
D:5:      serial_shops, nicolae_shop_trees, first_bread, uniq_edmund,
          uniq_eustachio, uniq_grinder
D:6:      grunt_dithmenos_smoke_and_mirrors
D:7:      serial_shops, nicolae_shop_stone
Temple:   grunt_circular_temple_18

Table legend:
 A = Turns spent in this place as a percentage of turns spent in the entire game.
 B = Non-inter-level travel turns spent in this place as a percentage of non-inter-level travel turns spent in the entire game.
 C = Inter-level travel turns spent in this place as a percentage of turns spent in this place.
 D = Turns resting spent in this place as a percentage of non-inter-level travel turns spent in this place.
 E = Turns spent auto-exploring this place as a percentage of non-inter-level travel turns spent in this place.
 F = Non-inter-level travel turns spent in this place divided by the number of levels of this place that you've seen.
                   A       B       C       D       E      F
               +-------+-------+-------+-------+-------+----------------------
         Total | 100.0 | 100.0 |   0.5 |   6.9 |  11.6 | 229.7
       Dungeon |  97.2 |  97.2 |   0.5 |   7.1 |  11.0 | 251.1
        Temple |   2.8 |   2.8 |   0.0 |   0.0 |  32.8 |  58.0
               +-------+-------+-------+-------+-------+----------------------

Table legend:
 A = Kills in this place as a percentage of kills in entire the game.
 B = Kills by you in this place as a percentage of kills by you in the entire game.
 C = Kills by friends in this place as a percentage of kills by friends in the entire game.
 D = Other kills in this place as a percentage of other kills in the entire game.
 E = Experience gained in this place as a percentage of experience gained in the entire game.
 F = Experience gained in this place divided by the number of levels of this place that you have seen.
                   A       B       C       D       E      F
               +-------+-------+-------+-------+-------+----------------------
         Total | 100.0 | 100.0 |  -nan |  -nan | 100.0 | 550.2
       Dungeon | 100.0 | 100.0 |  -nan |  -nan | 100.0 | 619.0
               +-------+-------+-------+-------+-------+----------------------
